 Dungeon Crawl Stone Soup version 0.19.0 (webtiles) character file.

53 Danakh the Chopper (level 3, -5/28 HPs)
             Began as a Demonspawn Gladiator on Nov 11, 2016.
             Killed by nerve-wracking pain
             ... invoked by Grinder
              (9 damage)
             ... on level 3 of the Dungeon.
             The game lasted 00:02:43 (1560 turns).

Danakh the Chopper (Demonspawn Gladiator)           Turns: 1560, Time: 00:02:43

Health: -5/28      AC:  7    Str: 16    XL:     3   Next: 62%
Magic:  3/3        EV: 10    Int:  9    God:
Gold:   55         SH:  0    Dex: 13    Spells: 0 memorised, 2 levels left

rFire  . . .     SeeInvis .     a - +0 war axe
rCold  . . .     Gourm    .     q - +0 scale mail
rNeg   . . .     Faith    .     (no shield)
rPois  .         Spirit   .     c - +0 helmet
rElec  .         Reflect  .     (no cloak)
rCorr  .         Harm     .     (no gloves)
MR     +....                    (no boots)
Stlth  +.........               (no amulet)
                                (no ring)
                                m - ring of protection from magic

@: no status effects
A: nightstalker 1, powered by pain 1
a: no special abilities


You were on level 3 of the Dungeon.
You were not hungry.

You visited 1 branch of the dungeon, and saw 3 of its levels.

You collected 55 gold pieces.

Inventory:

Hand Weapons
 a - a +0 war axe (weapon)
Missiles
 d - 3 throwing nets (quivered)
Armour
 b - a +0 leather armour
 c - a +0 helmet (worn)
 q - a +0 scale mail (worn)
Jewellery
 m - a ring of protection from magic (left hand)
Scrolls
 h - a scroll of blinking {unknown}
 j - a scroll of enchant weapon {unknown}
 l - 2 scrolls of identify {unknown}
 s - a scroll of random uselessness {unknown}
Potions
 e - a potion of agility {unknown}
 i - a potion of heal wounds {unknown}
 k - a potion of beneficial mutation {unknown}
 n - 2 potions of might {unknown}
 p - a potion of mutation {unknown}
 r - a potion of curing {unknown}
 t - a potion of brilliance {unknown}
 u - a potion of flight {unknown}
 w - a potion of resistance {unknown}
Comestibles
 f - 2 bread rations
 g - 2 slices of pizza
 o - a meat ration
 v - a beef jerky
 x - a chunk of flesh


   Skills:
 + Level 2.7 Fighting
 * Level 3.3 Axes
 - Level 1.7 Throwing
 + Level 1.4 Armour
 - Level 2.6 Dodging


You had 2 spell levels left.
You didn't know any spells.

Dungeon Overview and Level Annotations

Branches:
Dungeon (3/15)

Altars:

Annotations:
D:3 Grinder


Innate Abilities, Weirdness & Mutations

You are slightly more attuned to the shadows.
You sometimes gain a little power by taking damage.


Message History

You kill the ooze!
You completely miss the worm. Grinder hits you.
You slash Grinder!
Grinder is moderately wounded.
You barely miss the worm. Grinder gestures at you.
You easily resist.
The worm bites you!
* * * LOW HITPOINT WARNING * * *
You are too injured to fight recklessly!
You are too injured to fight recklessly!
You feel sick. The worm barely misses you.
You feel sick.
You are no longer poisoned.
Grinder blinks!
Grinder hits you but does no damage.
You closely miss Grinder.
Grinder is moderately wounded.
Grinder gestures at you. Pain shoots through your body!
You die...

#.% ..
....#####.#
#......†...#
##...###.##..#
#... #.# ># #..#
#w# # .#####..# #
#.### ........#.#
#...# .......<..#
###@# #
#####.####
###5#.## #.#
#......#
#.######.#.....#
#................
########.#.....##
#......##
###.#.## .#.#


You could see Grinder and a worm.

Vanquished Creatures
  An adder (D:3)
  An ooze (D:3)
  A worm (D:2)
  A leopard gecko (D:2)
  A ball python (D:3)
  7 bats
  3 giant cockroaches
  3 goblins
  4 hobgoblins (D:1)
  2 jackals (D:2)
  4 frilled lizards
  2 kobolds (D:1)
  5 rats
35 creatures vanquished.

Notes
Turn   | Place    | Note
-------+----------+-------------------------------------------
     0 | D:1      | Danakh the Demonspawn Gladiator began the quest for the Orb.
     0 | D:1      | Reached XP level 1. HP: 16/16 MP: 1/1
   282 | D:1      | Reached skill level 3 in Axes
   301 | D:1      | Gained mutation: You are slightly more attuned to the shadows. [demonic ancestry]
   301 | D:1      | Reached XP level 2. HP: 16/22 MP: 2/2
   849 | D:2      | Reached skill level 1 in Armour
  1009 | D:2      | Gained mutation: You sometimes gain a little power by taking damage. [demonic ancestry]
  1009 | D:2      | Reached XP level 3. HP: 21/28 MP: 3/3
  1543 | D:3      | Noticed Grinder
  1560 | D:3      | Killed from afar by Grinder

Skill      XL: |  1  2 |
---------------+-------+-----
Axes           | 3 |  3.3
Armour         | 1 |  1.4
Fighting       | |  2.7
Throwing       | |  1.7
Dodging        | |  2.6

Action                   || total
-------------------------++-------
Melee: War axe           ||   130
 Stab: Sleeping          ||     2
  Eat: Chunk             ||     2
Armor: Leather armour    ||    34
       Scale mail        ||    24
Dodge: Dodged            ||    93
